MLB
ARIZONA DIAMONDBACKS @ KANSAS CITY ROYALS
07/26/2039
 
TOP OF THE 1ST
Arizona Diamondbacks batting - Pitching for Kansas City Royals : RHP Jimmy Granitto
Pitching: RHP Jimmy Granitto
Batting: SHB Ruben Godinez 0-0: Ball
1-0: Swinging Strike
1-1: Called Strike
1-2: Strikes out looking
Batting: LHB Sean McElderry 0-0: DOUBLE (Line Drive, 9LM, EV 99.4 MPH)
Batting: RHB Steve Herron 0-0: Called Strike
0-1: Ground out 5-3 (Groundball, 56S, EV 86.3 MPH)
Sean McElderry to third
Batting: LHB Phil Vigil 0-0: Called Strike
0-1: Fly out, F9 (Flyball, 9D, EV 96.9 MPH)
Top of the 1st over - 0 runs, 1 hit, 0 errors, 1 left on base; Arizona 0 - Kansas City 0
BOTTOM OF THE 1ST
Kansas City Royals batting - Pitching for Arizona Diamondbacks : RHP Eric Donahue
Pitching: RHP Eric Donahue
Batting: LHB Danny Jewett 0-0: Ball
1-0: Swinging Strike
1-1: Foul Ball, location: 7LSF
1-2: Ball
2-2: SINGLE (Groundball, 6MD, EV 95.6 MPH)
Batting: LHB Mel Hopkins 0-0: Ball
1-0: Foul Ball, location: 3SF
1-1: Called Strike
1-2: Fly out, F9 (Flyball, 9S, EV 83.1 MPH)
Batting: LHB Tyler Baron 0-0: Ball
Danny Jewett is caught stealing 2nd base 2-6
1-0: Called Strike
1-1: Swinging Strike
1-2: Foul Ball, location: 2F
1-2: Fly out, F5 (Popup, 6MS, EV 81.3 MPH)
Bottom of the 1st over - 0 runs, 1 hit, 0 errors, 0 left on base; Arizona 0 - Kansas City 0
TOP OF THE 2ND
Arizona Diamondbacks batting - Pitching for Kansas City Royals : RHP Jimmy Granitto
Batting: SHB Moises Gonzalez 0-0: Called Strike
0-1: Ball
1-1: Foul Ball, location: 5F
1-2: Ball
2-2: Foul Ball, location: 2F
2-2: Foul Ball, location: 2F
2-2: Ball
3-2: SINGLE (Groundball, 6S, EV 72.5 MPH) (infield hit)
Batting: RHB Willie Revilla 0-0: Ball
1-0: Swinging Strike
1-1: Ball
2-1: Fly out, F7 (Line Drive, 78M, EV 90.6 MPH)
Batting: RHB Jose Gonzalez 0-0: Called Strike
0-1: Fly out, F3 (Popup, 3, EV 72.5 MPH)
Batting: RHB Noah Smith 0-0: Ball
1-0: Foul Ball, location: 3DF
1-1: Called Strike
1-2: Strikes out swinging
Top of the 2nd over - 0 runs, 1 hit, 0 errors, 1 left on base; Arizona 0 - Kansas City 0
BOTTOM OF THE 2ND
Kansas City Royals batting - Pitching for Arizona Diamondbacks : RHP Eric Donahue
Batting: RHB Jimmy Darley 0-0: Ball
1-0: Foul Ball, location: 2F
1-1: Ball
2-1: Foul Ball, location: 9LDF
2-2: Foul Ball, location: 2F
2-2: SOLO HOME RUN (Flyball, 9LD, EV 95.6 MPH), Distance : 340 ft
Batting: LHB Juan Morales 0-0: Ball
1-0: Ball
2-0: Ground out U3 (Groundball, 34S, EV 86.3 MPH)
Batting: RHB Tony Saxon 0-0: Ball
1-0: Foul Ball, location: 9LDF
1-1: Ball
2-1: Fly out, F9 (Flyball, 89M, EV 81.3 MPH)
Batting: RHB Ricky Springs 0-0: Called Strike
0-1: Ball
1-1: Ball
2-1: Ball
3-1: Foul Ball, location: 2F
3-2: Ground out U3 (Groundball, 3, EV 100.6 MPH)
Bottom of the 2nd over - 1 run, 1 hit, 0 errors, 0 left on base; Arizona 0 - Kansas City 1
TOP OF THE 3RD
Arizona Diamondbacks batting - Pitching for Kansas City Royals : RHP Jimmy Granitto
Batting: RHB Omar Hernandez 0-0: Swinging Strike
0-1: Swinging Strike
0-2: Foul Ball, location: 2F
0-2: Ball
1-2: Strikes out swinging
Batting: SHB Ruben Godinez 0-0: Ball
1-0: Ball
2-0: Called Strike
2-1: Ball
3-1: Foul Ball, location: 7LSF
3-2: Strikes out looking
Batting: LHB Sean McElderry 0-0: Ball
1-0: Foul Ball, location: 7LSF
1-1: Ball
2-1: Ground out 6-3 (Groundball, 6, EV 109.4 MPH)
Top of the 3rd over - 0 runs, 0 hits, 0 errors, 0 left on base; Arizona 0 - Kansas City 1
BOTTOM OF THE 3RD
Kansas City Royals batting - Pitching for Arizona Diamondbacks : RHP Eric Donahue
Batting: RHB Cody Schrier 0-0: Ball
1-0: Ball
2-0: Swinging Strike
2-1: Ball
3-1: Foul Ball, location: 9LDF
3-2: Fly out, F8 (Flyball, 78D, EV 106.3 MPH)
Batting: RHB Luis Davila 0-0: SINGLE (Groundball, 5S, EV 69.4 MPH) (infield hit)
Batting: LHB Danny Jewett 0-0: Called Strike
0-1: Called Strike
0-2: Ball
1-2: Ball
2-2: Ball
3-2: Base on Balls
Luis Davila to second
Batting: LHB Mel Hopkins 0-0: Ball
1-0: SINGLE (Groundball, 3D, EV 98.1 MPH)
Luis Davila to third
Danny Jewett to second
Batting: LHB Tyler Baron 0-0: Called Strike
0-1: Ball
1-1: Foul Ball, location: 23F
1-2: Ball
2-2: Foul Ball, location: 2F
2-2: Strikes out swinging
Batting: RHB Jimmy Darley 0-0: Fly out, F3 (Popup, 4, EV 66.9 MPH)
Bottom of the 3rd over - 0 runs, 2 hits, 0 errors, 3 left on base; Arizona 0 - Kansas City 1
TOP OF THE 4TH
Arizona Diamondbacks batting - Pitching for Kansas City Royals : RHP Jimmy Granitto
Batting: RHB Steve Herron 0-0: Called Strike
0-1: Fly out, F7 (Flyball, 78M, EV 91.9 MPH)
Batting: LHB Phil Vigil 0-0: Foul Ball, location: 7LMFF
0-1: Ball
1-1: Ball
2-1: Ball
3-1: Swinging Strike
3-2: Ground out 4-3 (Groundball, 34, EV 109.4 MPH)
Batting: SHB Moises Gonzalez 0-0: Called Strike
0-1: Ball
1-1: Ball
2-1: Swinging Strike
2-2: Foul Ball, location: 2F
2-2: Ball
3-2: Ground out 6-3 (Groundball, 6, EV 83.1 MPH)
Top of the 4th over - 0 runs, 0 hits, 0 errors, 0 left on base; Arizona 0 - Kansas City 1
BOTTOM OF THE 4TH
Kansas City Royals batting - Pitching for Arizona Diamondbacks : RHP Eric Donahue
Batting: LHB Juan Morales 0-0: Ball
1-0: Ball
2-0: Called Strike
2-1: Ball
3-1: Fly out, F8 (Flyball, 8RM, EV 93.8 MPH)
Batting: RHB Tony Saxon 0-0: Fly out, F5 (Popup, 5SF, EV 78.1 MPH)
Batting: RHB Ricky Springs 0-0: Ball
1-0: Foul Ball, location: 5DF
1-1: Foul Ball, location: 25FF
1-2: Ball
2-2: Strikes out swinging
Bottom of the 4th over - 0 runs, 0 hits, 0 errors, 0 left on base; Arizona 0 - Kansas City 1
TOP OF THE 5TH
Arizona Diamondbacks batting - Pitching for Kansas City Royals : RHP Jimmy Granitto
Batting: RHB Willie Revilla 0-0: Ball
1-0: Foul Ball, location: 23F
1-1: Ball
2-1: Called Strike
2-2: Foul Ball, location: 5FF
2-2: Fly out, F8 (Flyball, 89S, EV 96.9 MPH)
Batting: RHB Jose Gonzalez 0-0: Ball
1-0: Ball
2-0: Ball
3-0: Called Strike
3-1: Base on Balls
Batting: RHB Noah Smith 0-0: Foul Ball, location: 2RF
0-1: SINGLE (Groundball, 34D, EV 94.4 MPH)
Jose Gonzalez to second
Runner from 2nd tries for 3rd, SAFE, throw by RF made to third
Batting: RHB Omar Hernandez 0-0: Ball
1-0: Ball
2-0: Ball
3-0: Base on Balls
Noah Smith to second
Batting: SHB Ruben Godinez 0-0: Called Strike
0-1: Fly out, F7 (Flyball, 7D, EV 99.4 MPH)
Runner from 3rd tags up, SCORES, no throw by LF
Batting: LHB Sean McElderry 0-0: Ball
1-0: Called Strike
1-1: Called Strike
1-2: Foul Ball, location: 25F
1-2: Reached via error on a dropped throw from 3B, E3 (Groundball, 6S, EV 68.1 MPH)
Noah Smith to third
Omar Hernandez to second
Batting: RHB Steve Herron 0-0: Ball
1-0: Foul Ball, location: 3F
1-1: Ball
2-1: Ball
3-1: Foul Ball, location: 3F
3-2: Fly out, F8 (Flyball, 8LM, EV 90.6 MPH)
Top of the 5th over - 1 run, 1 hit, 1 error, 3 left on base; Arizona 1 - Kansas City 1
BOTTOM OF THE 5TH
Kansas City Royals batting - Pitching for Arizona Diamondbacks : RHP Eric Donahue
Batting: RHB Cody Schrier 0-0: Called Strike
0-1: Foul Ball, location: 9LMF
0-2: Ball
1-2: Strikes out swinging
Batting: RHB Luis Davila 0-0: Ball
1-0: Ball
2-0: Called Strike
2-1: Ball
3-1: Ground out 6-3 (Groundball, 56, EV 103.8 MPH)
Batting: LHB Danny Jewett 0-0: Hit by Pitch
Batting: LHB Mel Hopkins 0-0: Called Strike
0-1: Swinging Strike
0-2: Ball
1-2: Strikes out swinging
Bottom of the 5th over - 0 runs, 0 hits, 0 errors, 1 left on base; Arizona 1 - Kansas City 1
TOP OF THE 6TH
Arizona Diamondbacks batting - Pitching for Kansas City Royals : RHP Jimmy Granitto
Pitching: RHP Estevan Duran
Batting: LHB Phil Vigil 0-0: Ball
1-0: Foul Ball, location: 2F
1-1: Called Strike
1-2: Strikes out looking
Batting: SHB Moises Gonzalez 0-0: Called Strike
0-1: Ball
1-1: Foul Ball, location: 2LF
1-2: Foul Ball, location: 2F
1-2: Strikes out swinging
Pinch Hitting: SHB Willie Negron 0-0: Ball
1-0: Ball
2-0: Ball
3-0: Base on Balls
Pitching: RHP Luis Cespedes
Batting: RHB Jose Gonzalez 0-0: Called Strike
0-1: Ground out 5-3 (Groundball, 56S, EV 75.6 MPH)
Top of the 6th over - 0 runs, 0 hits, 0 errors, 1 left on base; Arizona 1 - Kansas City 1
BOTTOM OF THE 6TH
Kansas City Royals batting - Pitching for Arizona Diamondbacks : RHP Eric Donahue
Now at 1B: Willie Negron
Now at 3B: Moises Gonzalez
Batting: LHB Tyler Baron 0-0: Called Strike
0-1: Ball
1-1: Ball
2-1: Swinging Strike
2-2: Strikes out looking
Batting: RHB Jimmy Darley 0-0: Foul Ball, location: 5DF
0-1: Called Strike
0-2: Ball
1-2: Ball
2-2: Ball
3-2: Foul Ball, location: 2F
3-2: Fly out, F7 (Flyball, 78D, EV 106.3 MPH)
Batting: LHB Juan Morales 0-0: Hit by Pitch
Pitching: RHP Gil Tovar
Batting: RHB Tony Saxon 0-0: Ball
1-0: Called Strike
Juan Morales steals 2nd base
1-1: SINGLE (Flyball, 7S, EV 80.6 MPH)
Juan Morales to third
Runner from 3rd tries for Home, SAFE, throw by LF to home
Batting: RHB Ricky Springs 0-0: Foul Ball, location: 5DF
0-1: Swinging Strike
0-2: Foul Ball, location: 3SF
0-2: Ball
1-2: Strikes out swinging
Bottom of the 6th over - 1 run, 1 hit, 0 errors, 1 left on base; Arizona 1 - Kansas City 2
TOP OF THE 7TH
Arizona Diamondbacks batting - Pitching for Kansas City Royals : RHP Luis Cespedes
Batting: RHB Noah Smith 0-0: Ball
1-0: Foul Ball, location: 2F
1-1: Swinging Strike
1-2: Strikes out swinging
Batting: RHB Omar Hernandez 0-0: Ball
1-0: Called Strike
1-1: Foul Ball, location: 9LDF
1-2: Ball
2-2: Strikes out looking
Batting: SHB Ruben Godinez 0-0: Called Strike
0-1: Ground out 5-3 (Groundball, 56, EV 89.4 MPH)
Top of the 7th over - 0 runs, 0 hits, 0 errors, 0 left on base; Arizona 1 - Kansas City 2
BOTTOM OF THE 7TH
Kansas City Royals batting - Pitching for Arizona Diamondbacks : RHP Gil Tovar
Batting: RHB Cody Schrier 0-0: Foul Ball, location: 2F
0-1: Ball
1-1: Called Strike
1-2: Strikes out swinging
Batting: RHB Luis Davila 0-0: Ball
1-0: Swinging Strike
1-1: Fly out, F7 (Flyball, 7D, EV 81.9 MPH)
Batting: LHB Danny Jewett 0-0: Called Strike
0-1: Fly out, F8 (Flyball, 8LD, EV 105.6 MPH)
Bottom of the 7th over - 0 runs, 0 hits, 0 errors, 0 left on base; Arizona 1 - Kansas City 2
TOP OF THE 8TH
Arizona Diamondbacks batting - Pitching for Kansas City Royals : RHP Luis Cespedes
Batting: LHB Sean McElderry 0-0: Called Strike
0-1: Swinging Strike
0-2: Strikes out looking
Pinch Hitting: LHB Jose Gomez 0-0: Called Strike
0-1: SINGLE (Line Drive, 9S, EV 90.0 MPH)
Batting: LHB Phil Vigil 0-0: Called Strike
0-1: Ball
1-1: Ball
2-1: Ball
3-1: SINGLE (Groundball, 4D, EV 97.5 MPH)
Jose Gomez to second
Pitching: LHP Mike Sanders
Batting: SHB Moises Gonzalez 0-0: Ball
1-0: Ball
2-0: SINGLE (Groundball, 34D, EV 97.5 MPH)
Jose Gomez to third
Phil Vigil to second
Batting: SHB Willie Negron 0-0: Ball
1-0: Called Strike
1-1: SINGLE (Line Drive, 7LS, EV 105.6 MPH)
Jose Gomez scores
Phil Vigil to third
Moises Gonzalez to second
Runner from 3rd tries for Home, SAFE, throw by LF to home
Batting: RHB Jose Gonzalez 0-0: Called Strike
0-1: Swinging Strike
0-2: Foul Ball, location: 25F
0-2: Ball
1-2: Ball
2-2: Foul Ball, location: 25FF
2-2: Ball
3-2: Base on Balls
Moises Gonzalez to third
Willie Negron to second
Batting: RHB Noah Smith 0-0: Ball
1-0: Called Strike
1-1: Foul Ball, location: 5FF
1-2: Ball
2-2: Foul Ball, location: 3F
2-2: Strikes out swinging
Batting: RHB Omar Hernandez 0-0: Ball
1-0: Called Strike
1-1: Ball
2-1: Ball
3-1: Fly out, F8 (Flyball, 78D, EV 103.1 MPH)
Top of the 8th over - 2 runs, 4 hits, 0 errors, 3 left on base; Arizona 3 - Kansas City 2
BOTTOM OF THE 8TH
Kansas City Royals batting - Pitching for Arizona Diamondbacks : RHP Gil Tovar
Pitching: LHP Javon Brown
Now at 1B: Moises Gonzalez
Now at 3B: Juan Meraz
Now in LF: Willie Negron
Batting: LHB Mel Hopkins 0-0: Ball
1-0: Called Strike
1-1: SINGLE (Flyball, 8RS, EV 96.3 MPH)
Batting: LHB Tyler Baron 0-0: Ball
1-0: SINGLE (Line Drive, 34D, EV 109.4 MPH)
Mel Hopkins to second
Batting: RHB Jimmy Darley 0-0: Foul Ball, location: 2F
0-1: Foul Ball, location: 5F
0-2: Foul Ball, location: 5SF
0-2: Ball
1-2: Ball
2-2: Hit by Pitch
Mel Hopkins to third
Tyler Baron to second
Batting: LHB Juan Morales 0-0: Swinging Strike
0-1: Ball
1-1: Called Strike
1-2: Strikes out swinging
Batting: RHB Tony Saxon 0-0: Ball
1-0: Swinging Strike
1-1: Swinging Strike
1-2: Foul Ball, location: 5SF
1-2: Fly out, F8 (Flyball, 8RD, EV 96.3 MPH)
Runner from 3rd tags up, SCORES, throw by CF
Tyler Baron to third
Batting: RHB Ricky Springs 0-0: Ball
1-0: Called Strike
1-1: SINGLE (Groundball, 56S, EV 68.8 MPH) (infield hit)
Tyler Baron scores
Jimmy Darley to second
Pinch Runner at 2nd Vinny Serna:
Batting: RHB Cody Schrier 0-0: Called Strike
0-1: Foul Ball, location: 2F
0-2: Ball
1-2: Strikes out looking
Bottom of the 8th over - 2 runs, 3 hits, 0 errors, 2 left on base; Arizona 3 - Kansas City 4
TOP OF THE 9TH
Arizona Diamondbacks batting - Pitching for Kansas City Royals : LHP Mike Sanders
Pitching: RHP Victor Vasquez
Now at SS: Wilson Policarpo
Batting: SHB Ruben Godinez 0-0: Ball
1-0: Foul Ball, location: 3DF
1-1: Foul Ball, location: 2F
1-2: Strikes out swinging
Batting: LHB Sean McElderry 0-0: Foul Ball, location: 7LDF
0-1: Called Strike
0-2: Foul Ball, location: 2F
0-2: Foul Ball, location: 9LSFF
0-2: Ball
1-2: Foul Ball, location: 25F
1-2: SINGLE (Flyball, 9LS, EV 90.0 MPH)
Batting: RHB Juan Meraz 0-0: Ball
1-0: Ball
2-0: Called Strike
2-1: Called Strike
2-2: Strikes out swinging
Batting: LHB Phil Vigil 0-0: Ball
1-0: Ball
2-0: DOUBLE (Line Drive, 5D, EV 95.0 MPH)
Sean McElderry to third
Runner from 3rd tries for Home, SAFE, throw by LF to home
Batting: SHB Moises Gonzalez 0-0: Ball
1-0: Foul Ball, location: 3F
1-1: Ball
2-1: Ball
3-1: Foul Ball, location: 23F
3-2: Strikes out looking
Top of the 9th over - 1 run, 2 hits, 0 errors, 1 left on base; Arizona 4 - Kansas City 4
BOTTOM OF THE 9TH
Kansas City Royals batting - Pitching for Arizona Diamondbacks : LHP Javon Brown
Pitching: RHP Kevin Lazarov
Pinch Hitting: LHB Ernesto Melendez 0-0: Called Strike
0-1: Ball
1-1: Ball
2-1: SINGLE (Groundball, 4MD, EV 102.5 MPH)
Batting: LHB Danny Jewett 0-0: Called Strike
0-1: Sac Bunt to 13 - play at second, runner OUT! 1-6
Batting: LHB Mel Hopkins 0-0: Fly out, F8 (Flyball, 78D, EV 99.4 MPH)
Pitching: RHP Steve Williams
Batting: LHB Tyler Baron 0-0: Called Strike
0-1: SINGLE (Line Drive, 7S, EV 105.0 MPH)
Danny Jewett to second
Batting: LHB Wilson Policarpo 0-0: Swinging Strike
0-1: Ball
1-1: Fly out, F7 (Flyball, 7, EV 84.4 MPH)
Bottom of the 9th over - 0 runs, 2 hits, 0 errors, 2 left on base; Arizona 4 - Kansas City 4
TOP OF THE 10TH
Arizona Diamondbacks batting - Pitching for Kansas City Royals : RHP Victor Vasquez
Pitching: RHP Raul Pirela
Now at C: Jon Stanko
Batting: SHB Willie Negron 0-0: Foul Ball, location: 7LSF
0-1: Foul Ball, location: 7LMF
0-2: Foul Ball, location: 5F
0-2: Ball
1-2: SINGLE (Groundball, 13, EV 64.4 MPH) (infield hit)
Batting: RHB Jose Gonzalez 0-0: Ball
1-0: Called Strike
1-1: Foul Ball, location: 2F
1-2: SINGLE (Groundball, 4MD, EV 96.9 MPH)
Willie Negron to second
Runner from 2nd tries for 3rd, SAFE, throw by CF made to third
Batting: RHB Noah Smith 0-0: Ground out 4-3 (Groundball, 4S, EV 85.6 MPH)
Jose Gonzalez to second
Batting: RHB Omar Hernandez 0-0: Ball
1-0: Swinging Strike
1-1: Ball
2-1: Swinging Strike
2-2: Strikes out swinging
Batting: SHB Ruben Godinez 0-0: Ball
1-0: Called Strike
1-1: Ball
2-1: Ball
3-1: Base on Balls
Pitching: RHP Jose Fernandez
Batting: LHB Sean McElderry 0-0: Ball
1-0: Swinging Strike
1-1: Swinging Strike
1-2: GRAND SLAM HOME RUN (Flyball, 89XD, EV 106.3 MPH), Distance : 411 ft
Batting: RHB Juan Meraz 0-0: Ball
1-0: Ground out 6-3 (Groundball, 6, EV 83.8 MPH)
Top of the 10th over - 4 runs, 3 hits, 0 errors, 0 left on base; Arizona 8 - Kansas City 4
BOTTOM OF THE 10TH
Kansas City Royals batting - Pitching for Arizona Diamondbacks : RHP Steve Williams
Batting: LHB Juan Morales 0-0: Ball
1-0: Ball
2-0: Foul Ball, location: 25F
2-1: Hit by Pitch
Batting: RHB Tony Saxon 0-0: Called Strike
0-1: Called Strike
0-2: Fly out, F4 (Popup, 4M, EV 56.9 MPH)
Batting: RHB Ricky Springs 0-0: Foul Ball, location: 9LSF
0-1: Swinging Strike
0-2: Foul Ball, location: 3F
0-2: Strikes out swinging
Pinch Hitting: LHB Isaiah Stokes 0-0: Swinging Strike
0-1: SINGLE (Groundball, 6D, EV 105.0 MPH)
Juan Morales to second
Pitching: RHP Gannon Drier
Batting: RHB Jon Stanko 0-0: Called Strike
0-1: Foul Ball, location: 7LMF
0-2: Ball
1-2: Foul Ball, location: 2F
1-2: Fly out, F6 (Flyball, 6D, EV 93.8 MPH)
Bottom of the 10th over - 0 runs, 1 hit, 0 errors, 2 left on base; Arizona 8 - Kansas City 4
Thursday, April 25th , 2024 - OOTP Baseball 24.11 Build 85